Map: Pride of Altaris LE

Players

SKillous

  • Race: Protoss Protoss
  • League: Master

Bunny - Winner!

  • Race: Terran Terran

VOD

Have the link to the VOD?

Description

Time

  • Played on: Oct. 21, 2021, 10:35 a.m.
  • Length: 7:58
Show
View Real Time Build Order
Export as new Build Order

SKillous Protoss 

Build Orders: 1 Gate Expand, Phoenix Opening, Zealot Archon 

Get SALT Encoding   

  12  0:00  Probe  
  13  0:12  Probe  
  14  0:17  Pylon  
  14  0:24  Probe (Chrono Boost)  
  15  0:36  Probe (Chrono Boost), Gateway  
  16  0:45  Probe (Chrono Boost)  
  16  0:46  Assimilator  
  17  0:51  Probe  
  18  1:03  Probe  
  19  1:15  Probe  
  20  1:24  Cybernetics Core  
  20  1:37  Nexus  
  20  1:46  Pylon  
  20  1:48  Probe  
  20  1:53  Assimilator  
  21  2:00  Probe  
  21  2:01  Adept (Chrono Boost)  
  24  2:12  Probe  
  25  2:23  Adept  
  25  2:24  Probe (Chrono Boost)  
  25  2:28  Stargate  
  28  2:34  Probe (Chrono Boost)  
  29  2:40  Warp Gate  
  29  2:41  Probe (Chrono Boost)  
  30  2:49  Probe (Chrono Boost)  
  31  2:53  Adept  
  34  2:59  Probe (Chrono Boost)  
  34  3:00  Probe (Chrono Boost)  
  35  3:06  Probe  
  35  3:08  Probe  
  37  3:14  Phoenix  
  37  3:18  Probe  
  40  3:20  Probe  
  40  3:24  Gateway  
  41  3:30  Probe  
  41  3:32  Probe  
  41  3:33  Pylon  
  43  3:39  Phoenix (Chrono Boost)  
  45  3:42  Probe  
  46  3:51  Probe  
  46  3:53  Nexus  
  47  3:56  Pylon  
  47  4:01  Phoenix (Chrono Boost)  
  49  4:06  Probe  
  49  4:07  Probe  
  51  4:14  Pylon  
  51  4:18  Twilight Council  
  51  4:20  Forge  
  51  4:22  Probe  
  52  4:26  Phoenix  
  52  4:28  Probe  
  55  4:31  Assimilator  
  55  4:38  Probe, Assimilator  
  56  4:43  Adept x2  
  60  4:45  Shield Battery  
  60  4:48  Probe  
  60  4:51  Pylon  
  61  4:53  Charge  
  61  4:54  Probe  
  61  4:59  Protoss Ground Armor Level 1 (Chrono Boost)  
  64  5:01  Probe  
  64  5:05  Probe (Chrono Boost)  
  64  5:07  Probe (Chrono Boost)  
  66  5:19  Probe (Chrono Boost), Gateway x2  
  67  5:23  Gateway  
  67  5:24  Probe (Chrono Boost)  
  67  5:27  Probe (Chrono Boost)  
  68  5:28  Gateway  
  68  5:32  Probe (Chrono Boost)  
  68  5:33  Phoenix  
  70  5:36  Probe (Chrono Boost)  
  72  5:44  Probe (Chrono Boost)  
  72  5:45  Templar Archives  
  72  5:47  Probe (Chrono Boost)  
  72  5:48  Probe (Chrono Boost)  
  74  5:51  Gateway  
  74  5:52  Probe (Chrono Boost)  
  74  5:56  Gateway  
  75  5:58  Pylon  
  75  6:00  Probe  
  75  6:01  Probe  
  77  6:06  Phoenix  
  77  6:10  Probe  
  80  6:15  Probe  
  80  6:17  Sentry x2, Probe  
  86  6:22  Probe  
  87  6:27  High Templar  
  87  6:29  Gateway, High Templar  
  87  6:31  Gateway  
  87  6:32  Zealot x2  
  94  6:33  Archon, Pylon  
  92  6:42  Zealot x2  
  92  6:47  Zealot  
  94  6:49  Phoenix  
  94  6:51  Shield Battery  
  94  6:52  Pylon  
  90  6:56  Zealot x3  
  90  7:00  Zealot  
  94  7:05  Zealot x3  
  92  7:14  Phoenix  
  92  7:15  Zealot  
  84  7:16  Zealot x3  
  84  7:25  Zealot x3  
  84  7:26  Zealot  
  79  7:30  Zealot  
  79  7:33  Zealot  
  76  7:41  Zealot x3  
Show
View Real Time Build Order
Export as new Build Order

Bunny Terran - Winner!

Build Orders:  

Get SALT Encoding   

  12  0:00  SCV  
  13  0:12  SCV  
  14  0:17  Supply Depot  
  14  0:24  SCV  
  15  0:38  Barracks, SCV  
  16  0:45  Refinery  
  16  0:50  SCV  
  17  1:02  SCV  
  18  1:09  Engineering Bay  
  18  1:14  SCV  
  19  1:27  Marine  
  19  1:29  Orbital Command  
  20  1:44  Command Center  
  20  1:48  Barracks Reactor  
  20  1:54  SCV  
  20  1:59  Supply Depot  
  21  2:06  SCV  
  22  2:11  Factory  
  22  2:18  SCV  
  22  2:20  Refinery  
  23  2:24  Marine x2  
  25  2:30  SCV  
  26  2:42  Marine, SCV  
  29  2:54  SCV  
  29  2:56  Starport  
  29  2:57  Hellion, Orbital Command  
  31  3:00  Marine  
  31  3:01  Marine  
  33  3:07  SCV  
  34  3:18  Widow Mine  
  34  3:19  SCV  
  37  3:20  Marine  
  37  3:21  Marine  
  37  3:23  SCV  
  40  3:31  Supply Depot, SCV  
  43  3:35  SCV  
  43  3:39  Widow Mine  
  46  3:44  SCV  
  46  3:47  SCV  
  46  3:52  Viking  
  46  3:55  Barracks x2  
  48  4:00  SCV x2  
  50  4:04  Factory Tech Lab  
  50  4:05  Marine x2  
  50  4:09  Supply Depot  
  52  4:12  Engineering Bay  
  52  4:14  SCV x2  
  54  4:23  Supply Depot  
  54  4:24  Starport Tech Lab  
  54  4:29  Factory Reactor  
  54  4:30  Marine x2, SCV x2  
  58  4:33  Supply Depot  
  58  4:38  Terran Infantry Weapons Level 1, Refinery  
  58  4:48  SCV x2  
  58  4:51  Supply Depot, Refinery  
  58  4:52  Stimpack, Starport Reactor  
  60  4:53  Combat Shield  
  60  5:00  SCV x2  
  60  5:03  Supply Depot  
  60  5:04  Marauder  
  60  5:06  Marauder  
  66  5:08  Marine  
  66  5:09  Marine  
  66  5:14  Widow Mine x2  
  72  5:15  SCV  
  72  5:16  SCV  
  74  5:23  Supply Depot  
  74  5:26  Marauder  
  74  5:28  Marauder  
  78  5:29  Medivac  
  78  5:31  Medivac  
  82  5:36  Marine x2  
  82  5:38  Widow Mine  
  82  5:39  Widow Mine  
  82  5:42  SCV x2  
  88  5:45  Supply Depot  
  88  5:49  Marauder  
  90  5:52  Marauder  
  90  5:54  Marine x2  
  94  5:57  Supply Depot  
  94  5:59  Widow Mine  
  94  6:02  Widow Mine  
  98  6:07  Medivac x2  
  98  6:09  SCV  
  98  6:10  SCV  
  97  6:21  Marauder, SCV, Concussive Shells  
  97  6:22  Marauder, SCV  
  97  6:23  Marine x2  
  105  6:32  Supply Depot  
  105  6:43  Widow Mine x2  
  105  6:44  SCV x2  
  110  6:47  Supply Depot  
  110  6:48  Armory  
  110  6:50  Marauder  
  110  6:53  Marine x2  
  111  6:55  Medivac  
  105  7:05  Widow Mine  
  105  7:08  Marauder  
  109  7:11  Marine x2, Marauder  
  107  7:19  Medivac  
  107  7:25  Medivac  
  96  7:37  Command Center  
  96  7:40  Marine x2  
Tags
 
Add a new tag
Caveats
  • Supply blocks, unpowered buildings, or Contaminate may cause inaccurate times.
  • Supply counts are checked every 10 seconds.